Penguins vs Devils

Created - Monday, March 07, 2016 at 02:40

Goals
1 2 3 T
Penguins 1 0 0 1
Devils 8 3 2 13
Shots
1 2 3 T
Penguins 9 1 6 16
Devils 12 13 11 36

1st period

1. Devils , Andrew Miller 1 (Brad Hunt) at 1:22
2. Devils , Brad Hunt 7 (Matt Cullen, Brendan Shinnimin) at 4:52 (PP)
3. Devils , Zach Boychuk 15 (Andrew Miller, Jason Akeson) at 5:21
4. Devils , Drew Stafford 27 (Paul Stastny, Chris Wideman) at 5:53
5. Devils , Tyler Johnson 54 (Paul Stastny, Drew Stafford) at 6:41 (PP)
6. Devils , Sergei Gonchar 3 (Matt Cullen, Scottie Upshall) at 8:07 (PP)
7. Devils , Paul Stastny 38 (Drew Stafford, Tyler Johnson) at 13:06 (PP)
8. Penguins , Joakim Lindstrom 10 (Curtis McKenzie) at 14:20
9. Devils , Zach Boychuk 16 (Ales Hemsky, Scottie Upshall) at 17:07

Penalties :
Radko Gudas (NJD) for Fighting (Major) at 0:37, Jeff Schultz (Pit) for Fighting (Major) at 0:37, Scooter Vaughan (NJD) for Hooking (Minor) at 2:48, Ben Eager (Pit) for Holding Stick (Minor) at 3:35, Ben Eager (Pit) for High sticking (Minor) at 6:00, Stu Bickel (Pit) for Slashing (Minor) at 7:00, Andrew Miller (NJD) for Fighting (Major) at 12:38, Mark Fraser (Pit) for Fighting (Major) at 12:38, Scooter Vaughan (NJD) for Fighting (Major) at 12:43, Drew Bagnall (Pit) for Fighting (Major) at 12:43, Cody Ceci (Pit) for Holding (Minor) at 12:57, Radko Gudas (NJD) for Fighting (Major) at 14:59, Ryan Olsen (Pit) for Fighting (Major) at 14:59, Chris Butler (Pit) for Hooking (Minor) at 15:02

2nd period

10. Devils , Paul Stastny 39 (Jason Akeson, Drew Stafford) at 5:08 (PP)
11. Devils , Paul Stastny 40 (Drew Stafford, Devan Dubnyk) at 14:42 (PP)
12. Devils , Chris Porter 3 (Tyler Johnson, Brendan Shinnimin) at 17:25

Penalties :
Drew Bagnall (Pit) for Roughing (Minor) at 0:41, Drew Bagnall (Pit) for Holding (Minor) at 4:55, Radko Gudas (NJD) for Fighting (Major / Game Misconduct) at 6:42, Jeff Schultz (Pit) for Fighting (Major) at 6:42, Sergei Gonchar (NJD) for Goalie Interference (Minor) at 6:59, Scooter Vaughan (NJD) for Fighting (Major) at 7:58, Stu Bickel (Pit) for Fighting (Major) at 7:58, Scooter Vaughan (NJD) for instigated a fight (Minor) at 7:58, Scooter Vaughan (NJD) for instigated and being the aggresor in a fight (20 Minutes Game Misconduct) at 7:58, Steve MacIntyre (Pit) for Hooking (Minor) at 9:20, Steve MacIntyre (Pit) for Tripping (Minor) at 14:14, Andrew Miller (NJD) for Fighting (Major) at 17:26, Drew Bagnall (Pit) for Fighting (Major) at 17:26, Chris Wideman (NJD) for Fighting (Major) at 17:31, Ben Eager (Pit) for Fighting (Major) at 17:31

3rd period

13. Devils , Andrew Miller 2 (Zach Boychuk, Drew Stafford) at 7:05
14. Devils , Jason Akeson 5 (Ales Hemsky, Brad Hunt) at 19:37

Penalties :
Ben Eager (Pit) for Tripping (Minor) at 14:27, Steve MacIntyre (Pit) for Cross-checking (Minor) at 17:24

Goalie Stats

Keith Kinkaid (Pit), 19 saves from 24 shots - (0.792), 42:53 minutes
Alex Stalock (Pit), 4 saves from 12 shots - (0.333), L, 1-23-2, 17:07 minutes
Devan Dubnyk (NJD), 15 saves from 16 shots - (0.938), W, 30-24-4, 60:00 minutes

Players Stats for Penguins

Player Name              G  A  P  +/- PIM S  H  SB GA TA FO     MP     PP MP  PK MP  
------------------------------------------------------------------------------------
Ben Eager                0  0  0  -2  11  0  1  0  0  1  3/5    16:42   1:21   3:01 
Chris Butler             0  0  0  -3  2   4  0  0  0  1  0/0    11:26   0:00   0:00 
Cody Ceci                0  0  0   1  2   2  0  1  0  3  0/0     8:20   0:14   0:26 
Curtis McKenzie          0  1  1  -1  0   0  2  0  0  2  4/15   14:22   0:42   0:00 
Drew Bagnall             0  0  0  -2  14  1  3  2  1  2  0/0    22:12   1:55   4:08 
Garrett Meurs            0  0  0  -1  0   0  0  1  1  0  0/0    25:34   1:27   8:07 
Jeff Schultz             0  0  0  -1  10  1  1  3  0  3  0/0    17:32   0:00   4:20 
Joakim Lindstrom         1  0  1  -2  0   2  1  2  2  0  0/3    16:20   0:42   0:33 
Luke Witkowski           0  0  0  -2  0   1  1  7  0  1  0/0    22:08   0:14   5:37 
Marcus Foligno           0  0  0  -4  0   2  4  3  2  2  3/5    20:46   0:07   5:15 
Mark Fraser              0  0  0  -2  5   2  0  2  1  1  0/0    10:11   0:00   0:00 
Mikael Granlund          0  0  0   0  0   0  0  0  2  0  0/0     5:46   0:00   0:00 
Nail Yakupov             0  0  0  -3  0   0  1  1  2  0  2/8    12:21   0:00   0:00 
Reilly Smith             0  0  0   0  0   0  2  0  1  0  0/0     5:46   0:00   0:00 
Ryan Olsen               0  0  0  -3  5   0  0  0  0  0  1/3    11:10   0:00   0:00 
Steve MacIntyre          0  0  0  -1  6   0  1  0  0  2  1/14   23:25   1:26   5:10 
Stu Bickel               0  0  0   0  7   0  0  0  0  3  11/21  17:45   0:40   5:03 
Xavier Ouellet           0  0  0  -4  0   1  0  2  3  3  0/0    24:05   1:55   6:24 

Players Stats for Devils

Player Name              G  A  P  +/- PIM S  H  SB GA TA FO     MP     PP MP  PK MP  
------------------------------------------------------------------------------------
Ales Hemsky              0  2  2   0  0   5  2  0  2  0  0/0    21:51   7:03   0:07 
Andrew Miller            2  1  3   3  10  2  1  0  2  1  7/10   10:11   0:00   0:00 
Brad Hunt                1  2  3   2  0   4  1  0  0  2  0/0    27:21   7:03   2:09 
Brendan Shinnimin        0  2  2   1  0   0  2  0  0  0  2/3     6:03   0:05   0:07 
Chris Porter             1  0  1   1  0   2  2  0  0  0  0/0     5:20   0:00   0:00 
Chris Wideman            0  1  1   3  5   1  1  2  0  1  0/0    27:02   4:58   1:50 
David Warsofsky          0  0  0   0  0   0  1  0  0  0  0/0     1:50   0:00   0:00 
Drew Stafford            1  5  6   1  0   3  2  0  1  0  0/1    20:14   6:57   0:00 
Jason Akeson             1  2  3   4  0   1  2  1  0  0  2/3    13:12   0:40   0:00 
Matt Cullen              0  2  2   1  0   5  1  1  7  3  13/21  20:57   4:46   2:02 
Matt Greene              0  0  0   3  0   1  1  1  0  2  0/0    20:43   0:00   0:19 
Paul Stastny             3  2  5   1  0   6  0  1  8  1  19/29  21:18   7:15   0:00 
Radko Gudas              0  0  0  -1  25  0  1  0  0  0  0/0     3:26   0:00   0:00 
Scooter Vaughan          0  0  0   1  34  0  0  0  0  0  0/0     5:33   0:05   0:00 
Scottie Upshall          0  2  2   1  0   0  5  0  1  0  1/1    20:57   4:41   2:02 
Sergei Gonchar           1  0  1   3  2   1  2  0  0  0  0/0    25:40   4:58   0:00 
Tyler Johnson            1  2  3   2  0   1  2  2  6  1  4/5    26:26   6:10   0:00 
Zach Boychuk             2  1  3   4  0   4  0  0  8  1  1/1    17:48   5:24   0:00 

3 Stars

1 - Paul Stastny (NJD)
2 - Drew Stafford (NJD)
3 - Zach Boychuk (NJD)

Power Play

Penguins - 0 on 3 Attempt(s) - 0.00%
Devils - 6 on 11 Attempt(s) - 54.55%

Penalty Kill

Penguins - 5 on 11 Attempt(s) - 45.45% - Score 0 goal in Penalty Kill
Devils - 3 on 3 Attempt(s) - 100.00% - Score 0 goal in Penalty Kill

Team Stat

Penguins - Hits : 17 - Faceoff Wins : 25 - Blocked Shots : 24 - Penalty Minutes : 62
Devils - Hits : 26 - Faceoff Wins : 49 - Blocked Shots : 8 - Penalty Minutes : 76

Official

Referees : Unknown
Linesman : Unknown

Game Notes

Radko Gudas and Jeff Schultz fight to a draw at 0:37 of 1st period
Andrew Miller and Mark Fraser fight to a draw at 12:38 of 1st period
Drew Bagnall beats up Scooter Vaughan at 12:43 of 1st period
Radko Gudas beats up Ryan Olsen at 14:59 of 1st period
Keith Kinkaid enters game at 17:07 of 1st period
Radko Gudas beats up Jeff Schultz at 6:42 of 2nd period
Radko Gudas ejected from game at 6:42 of 2nd period
Scooter Vaughan and Stu Bickel fight to a draw at 7:58 of 2nd period
Scooter Vaughan ejected from game at 7:58 of 2nd period
Paul Stastny has scored a Hat Trick!
Andrew Miller and Drew Bagnall fight to a draw at 17:26 of 2nd period
Chris Wideman beats up Ben Eager at 17:31 of 2nd period

Finance

Level 1 -- Attendance: 6000 (100.00%) -- Ticket Income $450,000
Level 2 -- Attendance: 3651 (73.02%) -- Ticket Income $219,060
Level 3 -- Attendance: 1419 (70.95%) -- Ticket Income $49,665
Level 4 -- Attendance: 2249 (56.23%) -- Ticket Income $56,225
Luxury Box -- Attendance: 942 (94.20%) -- Ticket Income $150,720
Game was played at the Continental Airlines Arena.
Total Attendance: 14261 (79.23%)
Total Ticket Income: $925,670
Other Income: $453,578
Total Income: $1,379,248

Penguins

5 vs 5 Forward 
   Center                   Left Wing                Right Wing               Time % Phy DF OF 
 1 Stu Bickel               Ben Eager                Steve MacIntyre          40     5   0  0  
 2 Curtis McKenzie          Garrett Meurs            Joakim Lindstrom         40     5   0  0  
 3 Nail Yakupov             Marcus Foligno           Ryan Olsen               17     5   0  0  
 4 Steve MacIntyre          Mikael Granlund          Reilly Smith             3      5   0  0  

5 vs 5 Defense 
   Defense                  Defense                                           Time % Phy DF OF 
 1 Drew Bagnall             Xavier Ouellet                                    35     5   0  0  
 2 Jeff Schultz             Luke Witkowski                                    30     5   0  0  
 3 Chris Butler             Mark Fraser                                       22     5   0  0  
 4 Drew Bagnall             Cody Ceci                                         13     5   0  0  

PowerPlay Forward 
   Center                   Left Wing                Right Wing               Time % Phy DF OF 
 1 Stu Bickel               Garrett Meurs            Steve MacIntyre          60     5   0  0  
 2 Curtis McKenzie          Joakim Lindstrom         Ben Eager                40     5   0  0  

PowerPlay Defense
   Defense                  Defense                                           Time % Phy DF OF 
 1 Drew Bagnall             Xavier Ouellet                                    60     5   0  0  
 2 Jeff Schultz             Luke Witkowski                                    40     5   0  0  

Penalty Kill 4 Players Forward 
   Center                   Wing                     Time % Phy DF OF 
 1 Steve MacIntyre          Garrett Meurs            60     5   0  0  
 2 Ben Eager                Stu Bickel               40     5   0  0  

Penalty Kill 4 Players Defense
   Defense                  Defense                  Time % Phy DF OF 
 1 Drew Bagnall             Xavier Ouellet           60     5   0  0  
 2 Jeff Schultz             Luke Witkowski           40     5   0  0  

Penalty Kill - 3 Players Forward 
   Forward                                           Time % Phy DF OF 
 1 Steve MacIntyre                                   60     5   0  0  
 2 Stu Bickel                                        40     5   0  0  

Penalty Kill - 3 Players Defense
   Defense                  Defense                  Time % Phy DF OF 
 1 Drew Bagnall             Xavier Ouellet           60     5   0  0  
 2 Jeff Schultz             Luke Witkowski           40     5   0  0  

4 vs 4 Forward 
   Center                   Wing                     Time % Phy DF OF 
 1 Steve MacIntyre          Garrett Meurs            60     5   0  0  
 2 Ben Eager                Stu Bickel               40     5   0  0  

4 vs 4 Defense
   Defense                  Defense                  Time % Phy DF OF 
 1 Drew Bagnall             Xavier Ouellet           60     5   0  0  
 2 Jeff Schultz             Luke Witkowski           40     5   0  0  

Last Minutes Offensive
   Center                   Left Wing                Right Wing               Defense                  Defense                  
   Ben Eager                Stu Bickel               Steve MacIntyre          Drew Bagnall             Xavier Ouellet           

Last Minutes Defensive
   Center                   Left Wing                Right Wing               Defense                  Defense                  
   Ben Eager                Stu Bickel               Steve MacIntyre          Drew Bagnall             Xavier Ouellet           

Goaltenders
Starting : Alex Stalock             
Backup : Keith Kinkaid            

Extra Forwards
Normal : Steve MacIntyre, Ben Eager, Garrett Meurs - PP : Steve MacIntyre, Ben Eager - PK : Steve MacIntyre
Extra Defensemen
Normal : Drew Bagnall, Xavier Ouellet, Stu Bickel - PP : Stu Bickel - PK : Stu Bickel, Drew Bagnall
Penalty Shots
Ben Eager, Garrett Meurs, Stu Bickel, Steve MacIntyre, Curtis McKenzie

Devils

5 vs 5 Forward 
   Center                   Left Wing                Right Wing               Time % Phy DF OF 
 1 Paul Stastny             Tyler Johnson            Drew Stafford            38     0   0  5  
 2 Matt Cullen              Scottie Upshall          Ales Hemsky              30     1   2  2  
 3 Andrew Miller            Zach Boychuk             Jason Akeson             22     1   2  2  
 4 Brendan Shinnimin        Chris Porter             Tyler Johnson            10     1   2  2  

5 vs 5 Defense 
   Defense                  Defense                                           Time % Phy DF OF 
 1 Sergei Gonchar           Chris Wideman                                     35     1   2  2  
 2 Matt Greene              Radko Gudas                                       34     1   2  2  
 3 Brad Hunt                Scooter Vaughan                                   30     1   2  2  
 4 Chris Wideman            Sergei Gonchar                                    1      1   2  2  

PowerPlay Forward 
   Center                   Left Wing                Right Wing               Time % Phy DF OF 
 1 Paul Stastny             Tyler Johnson            Drew Stafford            60     0   0  5  
 2 Matt Cullen              Zach Boychuk             Scottie Upshall          40     0   0  5  

PowerPlay Defense
   Defense                  Defense                                           Time % Phy DF OF 
 1 Ales Hemsky              Brad Hunt                                         60     0   0  5  
 2 Chris Wideman            Sergei Gonchar                                    40     0   0  5  

Penalty Kill 4 Players Forward 
   Center                   Wing                     Time % Phy DF OF 
 1 Matt Cullen              Scottie Upshall          60     0   5  0  
 2 Brendan Shinnimin        Ales Hemsky              40     0   5  0  

Penalty Kill 4 Players Defense
   Defense                  Defense                  Time % Phy DF OF 
 1 Radko Gudas              Brad Hunt                60     0   5  0  
 2 Chris Wideman            Sergei Gonchar           40     0   5  0  

Penalty Kill - 3 Players Forward 
   Forward                                           Time % Phy DF OF 
 1 Matt Cullen                                       60     0   5  0  
 2 Brendan Shinnimin                                 40     0   5  0  

Penalty Kill - 3 Players Defense
   Defense                  Defense                  Time % Phy DF OF 
 1 Radko Gudas              Brad Hunt                60     0   5  0  
 2 Sergei Gonchar           Scooter Vaughan          40     0   5  0  

4 vs 4 Forward 
   Center                   Wing                     Time % Phy DF OF 
 1 Paul Stastny             Tyler Johnson            60     0   0  5  
 2 Brendan Shinnimin        Matt Cullen              40     1   3  1  

4 vs 4 Defense
   Defense                  Defense                  Time % Phy DF OF 
 1 Sergei Gonchar           Brad Hunt                60     0   0  5  
 2 Chris Wideman            Sergei Gonchar           40     1   3  1  

Last Minutes Offensive
   Center                   Left Wing                Right Wing               Defense                  Defense                  
   Paul Stastny             Tyler Johnson            Drew Stafford            Sergei Gonchar           Chris Wideman            

Last Minutes Defensive
   Center                   Left Wing                Right Wing               Defense                  Defense                  
   Paul Stastny             Matt Cullen              Scottie Upshall          Radko Gudas              Matt Greene              

Goaltenders
Starting : Devan Dubnyk             
Backup : Thomas Greiss            

Extra Forwards
Normal : Tyler Johnson, Scottie Upshall, Zach Boychuk - PP : Zach Boychuk, Jason Akeson - PK : Ales Hemsky
Extra Defensemen
Normal : Chris Wideman, Scooter Vaughan, Sergei Gonchar - PP : Sergei Gonchar - PK : Chris Wideman, Scooter Vaughan
Penalty Shots
Matt Cullen, Drew Stafford, Ales Hemsky, Tyler Johnson, Andrew Miller

% Time on Ice - Penguins

Lines # - Real PCT - Wanted PCT - Time Play
Normal Forward
1 - 26% - 40% - 11:19
2 - 33% - 40% - 14:35
3 - 28% - 17% - 12:21
4 - 13% - 3% - 5:46
Normal Defense
1 - 29% - 35% - 12:33
2 - 34% - 30% - 14:53
3 - 26% - 22% - 11:21
4 - 12% - 13% - 5:14
PP Forward
1 - 67% - 60% - 1:27
2 - 33% - 40% - 0:42
PP Defense
1 - 89% - 60% - 1:55
2 - 11% - 40% - 0:14
PK Forward
1 - 76% - 60% - 9:07
2 - 24% - 40% - 2:54
PK Defense
1 - 53% - 60% - 6:24
2 - 47% - 40% - 5:37
PK3 Forward
1 - 0% - 60%
2 - 0% - 40%
PK3 Defense
1 - 0% - 60%
2 - 0% - 40%
44 Forward
1 - 77% - 60% - 1:24
2 - 23% - 40% - 0:25
44 Defense
1 - 23% - 60% - 0:25
2 - 77% - 40% - 1:24
Last Minute Offensive  - 0:00
Last Minute Defensive  - 0:00
Total
Forward - 60:00
Defense - 60:00

% Time on Ice - Devils

Lines # - Real PCT - Wanted PCT - Time Play
Normal Forward
1 - 29% - 38% - 12:45
2 - 31% - 30% - 13:38
3 - 28% - 22% - 12:18
4 - 12% - 10% - 5:20
Normal Defense
1 - 28% - 35% - 12:09
2 - 35% - 34% - 15:18
3 - 38% - 30% - 16:34
4 - 0% - 1% - 0:00
PP Forward
1 - 60% - 60% - 7:15
2 - 40% - 40% - 4:46
PP Defense
1 - 59% - 60% - 7:03
2 - 41% - 40% - 4:58
PK Forward
1 - 95% - 60% - 2:02
2 - 5% - 40% - 0:07
PK Defense
1 - 100% - 60% - 2:09
2 - 0% - 40% - 0:00
PK3 Forward
1 - 0% - 60%
2 - 0% - 40%
PK3 Defense
1 - 0% - 60%
2 - 0% - 40%
44 Forward
1 - 72% - 60% - 1:18
2 - 28% - 40% - 0:31
44 Defense
1 - 63% - 60% - 1:09
2 - 37% - 40% - 0:40
Last Minute Offensive  - 0:00
Last Minute Defensive  - 0:00
Total
Forward - 60:00
Defense - 60:00

Play by Play

1st period


0:01 of 1st period - Paul Stastny wins face-off versus Stu Bickel in neutral zone.
0:26 of 1st period - Off-side.
0:27 of 1st period - Curtis McKenzie wins face-off versus Matt Cullen in neutral zone.
0:32 of 1st period - Slapshot by Luke Witkowski.
0:32 of 1st period - Shot Blocked by Matt Cullen.
0:34 of 1st period - Backhand shot by Luke Witkowski.
0:34 of 1st period - Deflect By Joakim Lindstrom.
0:34 of 1st period - Stopped by Devan Dubnyk with a rebound.
0:36 of 1st period - Backhand shot by Luke Witkowski.
0:36 of 1st period - Stopped by Devan Dubnyk with a rebound.
0:37 of 1st period - Radko Gudas and Jeff Schultz fight to a draw.
0:37 of 1st period - Penalty to Radko Gudas for Fighting.
0:37 of 1st period - Penalty to Jeff Schultz for Fighting.
0:38 of 1st period - Andrew Miller wins face-off versus Marcus Foligno in Devils zone.
0:43 of 1st period - Wrist shot by Jason Akeson.
0:43 of 1st period - Shot Misses the Net.
0:52 of 1st period - Icing by Mark Fraser.
0:53 of 1st period - Andrew Miller wins face-off versus Nail Yakupov in Penguins zone.
1:14 of 1st period - Snap shot by Jason Akeson.
1:14 of 1st period - Shot Blocked by Mark Fraser.
1:22 of 1st period - Snap shot by Andrew Miller.
1:22 of 1st period - Goal by Andrew Miller - Penguins : 0 - Devils : 1.
1:23 of 1st period - Matt Cullen wins face-off versus Curtis McKenzie in neutral zone.
2:25 of 1st period - Slapshot by Chris Butler.
2:25 of 1st period - Stopped by Devan Dubnyk with a rebound.
2:27 of 1st period - Slapshot by Mark Fraser.
2:27 of 1st period - Shot Blocked by Paul Stastny.
2:29 of 1st period - Slapshot by Chris Butler.
2:29 of 1st period - Stopped by Devan Dubnyk with a rebound.
2:31 of 1st period - Snap shot by Chris Butler.
2:31 of 1st period - Stopped by Devan Dubnyk with a rebound.
2:37 of 1st period - Slapshot by Mark Fraser.
2:37 of 1st period - Stopped by Devan Dubnyk with a rebound.
2:43 of 1st period - Slapshot by Mark Fraser.
2:43 of 1st period - Shot Blocked by Chris Wideman.
2:45 of 1st period - Slapshot by Chris Butler.
2:45 of 1st period - Deflect By Stu Bickel.
2:45 of 1st period - Shot Blocked by Tyler Johnson.
2:45 of 1st period - Puck is out of play.
2:46 of 1st period - Andrew Miller wins face-off versus Nail Yakupov in Devils zone.
2:48 of 1st period - Minor Penalty to Scooter Vaughan for Hooking.
2:49 of 1st period - Stu Bickel wins face-off versus Matt Cullen in Devils zone.
2:53 of 1st period - Wrist shot by Stu Bickel.
2:53 of 1st period - Shot Misses the Net.
3:35 of 1st period - Minor Penalty to Ben Eager for Holding Stick.
3:36 of 1st period - Paul Stastny wins face-off versus Steve MacIntyre in Penguins zone.
4:39 of 1st period - Wrist shot by Xavier Ouellet.
4:39 of 1st period - Deflect By Marcus Foligno.
4:39 of 1st period - Stopped by Devan Dubnyk with a rebound.
4:45 of 1st period - Xavier Ouellet is hit by Brendan Shinnimin and loses puck.
4:48 of 1st period - Penalty to Scooter Vaughan is over, Scooter Vaughan is back on ice.
4:50 of 1st period - Snap shot by Matt Cullen.
4:50 of 1st period - Shot Blocked by Marcus Foligno.
4:52 of 1st period - Slapshot by Brad Hunt.
4:52 of 1st period - Goal by Brad Hunt - Penguins : 0 - Devils : 2.
4:53 of 1st period - Jason Akeson wins face-off versus Ryan Olsen in neutral zone.
4:55 of 1st period - Off-side.
4:56 of 1st period - Ryan Olsen wins face-off versus Andrew Miller in neutral zone.
5:21 of 1st period - Snap shot by Zach Boychuk.
5:21 of 1st period - Goal by Zach Boychuk - Penguins : 0 - Devils : 3.
5:22 of 1st period - Curtis McKenzie wins face-off versus Drew Stafford in neutral zone.
5:53 of 1st period - Wrist shot by Drew Stafford.
5:53 of 1st period - Goal by Drew Stafford - Penguins : 0 - Devils : 4.
5:54 of 1st period - Matt Cullen wins face-off versus Stu Bickel in neutral zone.
6:00 of 1st period - Minor Penalty to Ben Eager for High sticking.
6:01 of 1st period - Paul Stastny wins face-off versus Steve MacIntyre in Penguins zone.
6:16 of 1st period - Wrist shot by Tyler Johnson.
6:16 of 1st period - Shot Blocked by Garrett Meurs.
6:18 of 1st period - Wrist shot by Drew Stafford.
6:18 of 1st period - Deflect By Paul Stastny.
6:18 of 1st period - Deflect By Xavier Ouellet.
6:18 of 1st period - Shot Blocked by Xavier Ouellet.
6:18 of 1st period - Puck is out of play.
6:19 of 1st period - Paul Stastny wins face-off versus Steve MacIntyre in Penguins zone.
6:41 of 1st period - Wrist shot by Tyler Johnson.
6:41 of 1st period - Goal by Tyler Johnson - Penguins : 0 - Devils : 5.
6:42 of 1st period - Stu Bickel wins face-off versus Matt Cullen in neutral zone.
7:00 of 1st period - Minor Penalty to Stu Bickel for Slashing.
7:01 of 1st period - Paul Stastny wins face-off versus Steve MacIntyre in Penguins zone.
7:49 of 1st period - Icing by Matt Cullen.
7:50 of 1st period - Ben Eager wins face-off versus Matt Cullen in Devils zone.
8:01 of 1st period - Wrist shot by Matt Cullen.
8:01 of 1st period - Shot Blocked by Luke Witkowski.
8:03 of 1st period - Snap shot by Sergei Gonchar.
8:03 of 1st period - Shot Blocked by Jeff Schultz.
8:05 of 1st period - Snap shot by Matt Cullen.
8:05 of 1st period - Shot Misses the Net.
8:07 of 1st period - Slapshot by Sergei Gonchar.
8:07 of 1st period - Goal by Sergei Gonchar - Penguins : 0 - Devils : 6.
8:08 of 1st period - Paul Stastny wins face-off versus Curtis McKenzie in neutral zone.
8:23 of 1st period - Off-side.
8:24 of 1st period - Paul Stastny wins face-off versus Curtis McKenzie in neutral zone.
9:11 of 1st period - Xavier Ouellet is hit by Scottie Upshall and loses puck.
9:18 of 1st period - Wrist shot by Ales Hemsky.
9:18 of 1st period - Stopped by Alex Stalock without a rebound.
9:19 of 1st period - Andrew Miller wins face-off versus Steve MacIntyre in Penguins zone.
9:36 of 1st period - Slapshot by Luke Witkowski.
9:36 of 1st period - Deflect By Ben Eager.
9:36 of 1st period - Shot Misses the Net.
9:36 of 1st period - Puck is out of play.
9:37 of 1st period - Andrew Miller wins face-off versus Stu Bickel in Devils zone.
10:26 of 1st period - Matt Greene is hit by Marcus Foligno and loses puck.
10:35 of 1st period - Luke Witkowski is hit by Radko Gudas and loses puck.
10:57 of 1st period - Icing by Luke Witkowski.
10:58 of 1st period - Paul Stastny wins face-off versus Nail Yakupov in Penguins zone.
11:09 of 1st period - Wrist shot by Paul Stastny.
11:09 of 1st period - Stopped by Alex Stalock with a rebound.
11:11 of 1st period - Slapshot by Paul Stastny.
11:11 of 1st period - Shot Hit the Post.
11:15 of 1st period - Snap shot by Paul Stastny.
11:15 of 1st period - Stopped by Alex Stalock with a rebound.
11:17 of 1st period - Wrist shot by Sergei Gonchar.
11:17 of 1st period - Shot Misses the Net.
11:25 of 1st period - Snap shot by Drew Stafford.
11:25 of 1st period - Shot Misses the Net.
11:31 of 1st period - Wrist shot by Drew Stafford.
11:31 of 1st period - Shot Blocked by Nail Yakupov.
11:33 of 1st period - Slapshot by Sergei Gonchar.
11:33 of 1st period - Shot Blocked by Luke Witkowski.
11:52 of 1st period - Nail Yakupov is hit by Chris Porter and loses puck.
12:05 of 1st period - Drew Bagnall is hit by Brendan Shinnimin and loses puck.
12:33 of 1st period - Slapshot by Ales Hemsky.
12:33 of 1st period - Shot Misses the Net.
12:35 of 1st period - Snap shot by Scottie Upshall.
12:35 of 1st period - Shot Blocked by Drew Bagnall.
12:37 of 1st period - Slapshot by Brad Hunt.
12:37 of 1st period - Stopped by Alex Stalock without a rebound.
12:38 of 1st period - Stu Bickel wins face-off versus Andrew Miller in Penguins zone.
12:38 of 1st period - Andrew Miller and Mark Fraser fight to a draw.
12:38 of 1st period - Penalty to Andrew Miller for Fighting.
12:38 of 1st period - Penalty to Mark Fraser for Fighting.
12:39 of 1st period - Stu Bickel wins face-off versus Tyler Johnson in Penguins zone.
12:43 of 1st period - Drew Bagnall beats up Scooter Vaughan.
12:43 of 1st period - Penalty to Scooter Vaughan for Fighting.
12:43 of 1st period - Penalty to Drew Bagnall for Fighting.
12:44 of 1st period - Matt Cullen wins face-off versus Ben Eager in Devils zone.
12:51 of 1st period - Wrist shot by Ales Hemsky.
12:51 of 1st period - Shot Blocked by Cody Ceci.
12:53 of 1st period - Slapshot by Brad Hunt.
12:53 of 1st period - Deflect By Ales Hemsky.
12:53 of 1st period - Shot Misses the Net.
12:53 of 1st period - Puck is out of play.
12:54 of 1st period - Stu Bickel wins face-off versus Matt Cullen in Penguins zone.
12:54 of 1st period - Stu Bickel is hit by Scottie Upshall.
12:57 of 1st period - Minor Penalty to Cody Ceci for Holding.
12:58 of 1st period - Paul Stastny wins face-off versus Steve MacIntyre in Penguins zone.
13:06 of 1st period - Wrist shot by Paul Stastny.
13:06 of 1st period - Goal by Paul Stastny - Penguins : 0 - Devils : 7.
13:07 of 1st period - Stu Bickel wins face-off versus Paul Stastny in neutral zone.
13:10 of 1st period - Slapshot by Chris Butler.
13:10 of 1st period - Stopped by Devan Dubnyk without a rebound.
13:11 of 1st period - Paul Stastny wins face-off versus Stu Bickel in Devils zone.
13:11 of 1st period - Paul Stastny is hit by Steve MacIntyre.
14:11 of 1st period - Matt Greene is hit by Curtis McKenzie and loses puck.
14:18 of 1st period - Wrist shot by Joakim Lindstrom.
14:18 of 1st period - Shot Hit the Post.
14:20 of 1st period - Wrist shot by Joakim Lindstrom.
14:20 of 1st period - Goal by Joakim Lindstrom - Penguins : 1 - Devils : 7.
14:21 of 1st period - Nail Yakupov wins face-off versus Matt Cullen in neutral zone.
14:24 of 1st period - Wrist shot by Marcus Foligno.
14:24 of 1st period - Shot Misses the Net.
14:34 of 1st period - Wrist shot by Ales Hemsky.
14:34 of 1st period - Shot Misses the Net.
14:46 of 1st period - Snap shot by Ales Hemsky.
14:46 of 1st period - Shot Misses the Net.
14:59 of 1st period - Radko Gudas beats up Ryan Olsen.
14:59 of 1st period - Penalty to Radko Gudas for Fighting.
14:59 of 1st period - Penalty to Ryan Olsen for Fighting.
15:00 of 1st period - Stu Bickel wins face-off versus Paul Stastny in Penguins zone.
15:02 of 1st period - Minor Penalty to Chris Butler for Hooking.
15:03 of 1st period - Steve MacIntyre wins face-off versus Paul Stastny in Penguins zone.
15:32 of 1st period - Off-side.
15:33 of 1st period - Matt Cullen wins face-off versus Steve MacIntyre in neutral zone.
16:32 of 1st period - Slapshot by Paul Stastny.
16:32 of 1st period - Deflect By Drew Stafford.
16:32 of 1st period - Shot Blocked by Luke Witkowski.
16:32 of 1st period - Puck is out of play.
16:33 of 1st period - Tyler Johnson wins face-off versus Steve MacIntyre in Penguins zone.
17:02 of 1st period - Penalty to Chris Butler is over, Chris Butler is back on ice.
17:05 of 1st period - Snap shot by Ales Hemsky.
17:05 of 1st period - Shot Blocked by Marcus Foligno.
17:07 of 1st period - Snap shot by Zach Boychuk.
17:07 of 1st period - Goal by Zach Boychuk - Penguins : 1 - Devils : 8.
17:07 of 1st period - Keith Kinkaid enters game.
17:08 of 1st period - Tyler Johnson wins face-off versus Nail Yakupov in neutral zone.
17:11 of 1st period - Nail Yakupov is hit by Jason Akeson and loses puck.
18:12 of 1st period - Chris Butler is hit by Chris Wideman and loses puck.
Goals for this period are 1 for Penguins vs 8 for Devils.
Shots for this period are 9 for Penguins vs 12 for Devils.

2nd period


0:01 of 2nd period - Paul Stastny wins face-off versus Stu Bickel in neutral zone.
0:06 of 2nd period - Slapshot by Drew Stafford.
0:06 of 2nd period - Shot Misses the Net.
0:08 of 2nd period - Slapshot by Sergei Gonchar.
0:08 of 2nd period - Deflect By Drew Stafford.
0:08 of 2nd period - Shot Misses the Net.
0:08 of 2nd period - Puck is out of play.
0:09 of 2nd period - Paul Stastny wins face-off versus Ben Eager in Penguins zone.
0:14 of 2nd period - Wrist shot by Drew Stafford.
0:14 of 2nd period - Shot Misses the Net.
0:16 of 2nd period - Snap shot by Tyler Johnson.
0:16 of 2nd period - Shot Misses the Net.
0:41 of 2nd period - Minor Penalty to Drew Bagnall for Roughing.
0:42 of 2nd period - Matt Cullen wins face-off versus Steve MacIntyre in Penguins zone.
0:46 of 2nd period - Snap shot by Matt Cullen.
0:46 of 2nd period - Shot Blocked by Xavier Ouellet.
0:56 of 2nd period - Slapshot by Matt Cullen.
0:56 of 2nd period - Shot Misses the Net.
0:58 of 2nd period - Slapshot by Ales Hemsky.
0:58 of 2nd period - Stopped by Keith Kinkaid with a rebound.
1:32 of 2nd period - Garrett Meurs is hit by Ales Hemsky and loses puck.
2:12 of 2nd period - Sergei Gonchar is hit by Marcus Foligno.
2:41 of 2nd period - Penalty to Drew Bagnall is over, Drew Bagnall is back on ice.
2:52 of 2nd period - Ben Eager is hit by Jason Akeson and loses puck.
4:05 of 2nd period - Scooter Vaughan is hit by Luke Witkowski.
4:11 of 2nd period - Zach Boychuk is hit by Jeff Schultz.
4:55 of 2nd period - Minor Penalty to Drew Bagnall for Holding.
4:56 of 2nd period - Paul Stastny wins face-off versus Steve MacIntyre in Penguins zone.
5:04 of 2nd period - Wrist shot by Drew Stafford.
5:04 of 2nd period - Shot Misses the Net.
5:06 of 2nd period - Slapshot by Jason Akeson.
5:06 of 2nd period - Shot Blocked by Jeff Schultz.
5:08 of 2nd period - Wrist shot by Paul Stastny.
5:08 of 2nd period - Goal by Paul Stastny - Penguins : 1 - Devils : 9.
5:09 of 2nd period - Matt Cullen wins face-off versus Curtis McKenzie in neutral zone.
6:08 of 2nd period - Zach Boychuk is hit by Reilly Smith and loses puck.
6:14 of 2nd period - Sergei Gonchar is hit by Drew Bagnall and loses puck.
6:29 of 2nd period - Snap shot by Andrew Miller.
6:29 of 2nd period - Shot Misses the Net.
6:31 of 2nd period - Slapshot by Matt Greene.
6:31 of 2nd period - Stopped by Keith Kinkaid with a rebound.
6:33 of 2nd period - Wrist shot by Zach Boychuk.
6:33 of 2nd period - Shot Misses the Net.
6:42 of 2nd period - Radko Gudas beats up Jeff Schultz.
6:42 of 2nd period - Penalty to Radko Gudas for Fighting.
6:42 of 2nd period - Radko Gudas is ejected from game.
6:42 of 2nd period - Penalty to Jeff Schultz for Fighting.
6:43 of 2nd period - Curtis McKenzie wins face-off versus Paul Stastny in Devils zone.
6:59 of 2nd period - Minor Penalty to Sergei Gonchar for Goalie Interference.
7:00 of 2nd period - Paul Stastny wins face-off versus Ryan Olsen in Devils zone.
7:49 of 2nd period - Snap shot by Ales Hemsky.
7:49 of 2nd period - Shot Misses the Net.
7:51 of 2nd period - Slapshot by Ales Hemsky.
7:51 of 2nd period - Stopped by Keith Kinkaid with a rebound.
7:53 of 2nd period - Wrist shot by Ales Hemsky.
7:53 of 2nd period - Stopped by Keith Kinkaid with a rebound.
7:57 of 2nd period - Snap shot by Matt Cullen.
7:57 of 2nd period - Stopped by Keith Kinkaid without a rebound.
7:58 of 2nd period - Matt Cullen wins face-off versus Stu Bickel in Penguins zone.
7:58 of 2nd period - Scooter Vaughan and Stu Bickel fight to a draw.
7:58 of 2nd period - Penalty to Scooter Vaughan for Fighting.
7:58 of 2nd period - Penalty to Stu Bickel for Fighting.
7:58 of 2nd period - Penalty to Scooter Vaughan for instigated a fight.
7:58 of 2nd period - Penalty to Scooter Vaughan for instigated and being the aggresor in a fight.
7:58 of 2nd period - Scooter Vaughan is ejected from game.
7:59 of 2nd period - Ben Eager wins face-off versus Matt Cullen in Penguins zone.
8:30 of 2nd period - Xavier Ouellet is hit by Matt Cullen and loses puck.
8:51 of 2nd period - Icing by Joakim Lindstrom.
8:52 of 2nd period - Matt Cullen wins face-off versus Curtis McKenzie in Penguins zone.
9:05 of 2nd period - Scottie Upshall is hit by Curtis McKenzie and loses puck.
9:20 of 2nd period - Minor Penalty to Steve MacIntyre for Hooking.
9:21 of 2nd period - Paul Stastny wins face-off versus Marcus Foligno in Penguins zone.
9:38 of 2nd period - Snap shot by Tyler Johnson.
9:38 of 2nd period - Shot Misses the Net.
9:58 of 2nd period - Penalty to Scooter Vaughan is over, Zach Boychuk is send on ice.
10:26 of 2nd period - Paul Stastny is hit by Marcus Foligno and loses puck.
10:48 of 2nd period - Icing by Matt Cullen.
10:49 of 2nd period - Matt Cullen wins face-off versus Joakim Lindstrom in Devils zone.
11:20 of 2nd period - Penalty to Steve MacIntyre is over, Steve MacIntyre is back on ice.
11:35 of 2nd period - Matt Greene is hit by Drew Bagnall and loses puck.
11:52 of 2nd period - Slapshot by Jason Akeson.
11:52 of 2nd period - Shot Blocked by Joakim Lindstrom.
11:54 of 2nd period - Slapshot by Chris Wideman.
11:54 of 2nd period - Deflect By Xavier Ouellet.
11:54 of 2nd period - Stopped by Keith Kinkaid with a rebound.
12:01 of 2nd period - Icing by Xavier Ouellet.
12:02 of 2nd period - Matt Cullen wins face-off versus Joakim Lindstrom in Penguins zone.
12:03 of 2nd period - Snap shot by Ales Hemsky.
12:03 of 2nd period - Stopped by Keith Kinkaid with a rebound.
12:20 of 2nd period - Xavier Ouellet is hit by Scottie Upshall and loses puck.
13:51 of 2nd period - Marcus Foligno is hit by Tyler Johnson and loses puck.
14:14 of 2nd period - Minor Penalty to Steve MacIntyre for Tripping.
14:15 of 2nd period - Marcus Foligno wins face-off versus Paul Stastny in Penguins zone.
14:42 of 2nd period - Snap shot by Paul Stastny.
14:42 of 2nd period - Goal by Paul Stastny - Penguins : 1 - Devils : 10.
14:43 of 2nd period - Matt Cullen wins face-off versus Steve MacIntyre in neutral zone.
15:02 of 2nd period - Snap shot by Matt Cullen.
15:02 of 2nd period - Stopped by Keith Kinkaid with a rebound.
15:07 of 2nd period - Off-side.
15:08 of 2nd period - Andrew Miller wins face-off versus Curtis McKenzie in neutral zone.
15:19 of 2nd period - Wrist shot by Zach Boychuk.
15:19 of 2nd period - Deflect By Luke Witkowski.
15:19 of 2nd period - Shot Misses the Net.
15:19 of 2nd period - Puck is out of play.
15:20 of 2nd period - Curtis McKenzie wins face-off versus Jason Akeson in Penguins zone.
15:36 of 2nd period - Snap shot by Zach Boychuk.
15:36 of 2nd period - Stopped by Keith Kinkaid with a rebound.
15:38 of 2nd period - Snap shot by Jason Akeson.
15:38 of 2nd period - Shot Misses the Net.
16:49 of 2nd period - Snap shot by Drew Stafford.
16:49 of 2nd period - Shot Misses the Net.
16:51 of 2nd period - Snap shot by Sergei Gonchar.
16:51 of 2nd period - Shot Blocked by Joakim Lindstrom.
17:25 of 2nd period - Snap shot by Chris Porter.
17:25 of 2nd period - Goal by Chris Porter - Penguins : 1 - Devils : 11.
17:26 of 2nd period - Stu Bickel wins face-off versus Andrew Miller in neutral zone.
17:26 of 2nd period - Andrew Miller and Drew Bagnall fight to a draw.
17:26 of 2nd period - Penalty to Andrew Miller for Fighting.
17:26 of 2nd period - Penalty to Drew Bagnall for Fighting.
17:27 of 2nd period - Paul Stastny wins face-off versus Stu Bickel in neutral zone.
17:31 of 2nd period - Chris Wideman beats up Ben Eager.
17:31 of 2nd period - Penalty to Chris Wideman for Fighting.
17:31 of 2nd period - Penalty to Ben Eager for Fighting.
17:32 of 2nd period - Stu Bickel wins face-off versus Paul Stastny in neutral zone.
17:37 of 2nd period - Slapshot by Cody Ceci.
17:37 of 2nd period - Shot Misses the Net.
17:56 of 2nd period - Slapshot by Cody Ceci.
17:56 of 2nd period - Stopped by Devan Dubnyk with a rebound.
18:23 of 2nd period - Scottie Upshall is hit by Marcus Foligno.
18:29 of 2nd period - Mark Fraser is hit by Ales Hemsky and loses puck.
18:38 of 2nd period - Slapshot by Nail Yakupov.
18:38 of 2nd period - Shot Misses the Net.
18:44 of 2nd period - Mark Fraser is hit by Sergei Gonchar and loses puck.
19:08 of 2nd period - Chris Butler is hit by Matt Greene and loses puck.
19:45 of 2nd period - Slapshot by Sergei Gonchar.
19:45 of 2nd period - Shot Misses the Net.
19:47 of 2nd period - Slapshot by Chris Porter.
19:47 of 2nd period - Stopped by Keith Kinkaid without a rebound.
19:48 of 2nd period - Brendan Shinnimin wins face-off versus Curtis McKenzie in Penguins zone.
Goals for this period are 0 for Penguins vs 3 for Devils.
Shots for this period are 1 for Penguins vs 13 for Devils.

3rd period


0:01 of 3rd period - Stu Bickel wins face-off versus Paul Stastny in neutral zone.
0:08 of 3rd period - Slapshot by Cody Ceci.
0:08 of 3rd period - Stopped by Devan Dubnyk without a rebound.
0:09 of 3rd period - Stu Bickel wins face-off versus Paul Stastny in Devils zone.
0:44 of 3rd period - Snap shot by Drew Stafford.
0:44 of 3rd period - Stopped by Keith Kinkaid with a rebound.
1:16 of 3rd period - Brad Hunt is hit by Nail Yakupov and loses puck.
1:55 of 3rd period - Luke Witkowski is hit by Sergei Gonchar and loses puck.
2:01 of 3rd period - Icing by Luke Witkowski.
2:02 of 3rd period - Tyler Johnson wins face-off versus Curtis McKenzie in Penguins zone.
2:06 of 3rd period - Icing by Joakim Lindstrom.
2:07 of 3rd period - Tyler Johnson wins face-off versus Joakim Lindstrom in Penguins zone.
2:28 of 3rd period - Sergei Gonchar is hit by Joakim Lindstrom and loses puck.
2:46 of 3rd period - Luke Witkowski is hit by Brad Hunt.
2:58 of 3rd period - 10 Minutes Misconduct Penalty to Scooter Vaughan is over.
3:31 of 3rd period - Wrist shot by Stu Bickel.
3:31 of 3rd period - Shot Misses the Net.
3:33 of 3rd period - Snap shot by Steve MacIntyre.
3:33 of 3rd period - Shot Misses the Net.
4:59 of 3rd period - Chris Butler is hit by Scottie Upshall and loses puck.
5:11 of 3rd period - Mark Fraser is hit by Chris Porter.
5:23 of 3rd period - Slapshot by Zach Boychuk.
5:23 of 3rd period - Shot Misses the Net.
6:13 of 3rd period - Reilly Smith is hit by David Warsofsky and loses puck.
6:39 of 3rd period - Off-side.
6:40 of 3rd period - Nail Yakupov wins face-off versus Brendan Shinnimin in neutral zone.
7:01 of 3rd period - Snap shot by Zach Boychuk.
7:01 of 3rd period - Stopped by Keith Kinkaid with a rebound.
7:03 of 3rd period - Slapshot by Drew Stafford.
7:03 of 3rd period - Shot Blocked by Marcus Foligno.
7:05 of 3rd period - Wrist shot by Zach Boychuk.
7:05 of 3rd period - Deflect By Andrew Miller.
7:05 of 3rd period - Goal by Andrew Miller - Penguins : 1 - Devils : 12.
7:06 of 3rd period - Paul Stastny wins face-off versus Curtis McKenzie in neutral zone.
7:19 of 3rd period - Slapshot by Drew Stafford.
7:19 of 3rd period - Stopped by Keith Kinkaid without a rebound.
7:20 of 3rd period - Paul Stastny wins face-off versus Curtis McKenzie in Penguins zone.
8:37 of 3rd period - Wrist shot by Matt Cullen.
8:37 of 3rd period - Stopped by Keith Kinkaid with a rebound.
8:39 of 3rd period - Wrist shot by Ales Hemsky.
8:39 of 3rd period - Shot Misses the Net.
9:08 of 3rd period - Tyler Johnson is hit by Ben Eager and loses puck.
9:17 of 3rd period - Icing by Ben Eager.
9:18 of 3rd period - Brendan Shinnimin wins face-off versus Stu Bickel in Penguins zone.
9:19 of 3rd period - Wrist shot by Tyler Johnson.
9:19 of 3rd period - Shot Misses the Net.
9:21 of 3rd period - Slapshot by Sergei Gonchar.
9:21 of 3rd period - Shot Blocked by Mark Fraser.
9:39 of 3rd period - Wrist shot by Nail Yakupov.
9:39 of 3rd period - Deflect By Marcus Foligno.
9:39 of 3rd period - Shot Misses the Net.
9:39 of 3rd period - Puck is out of play.
9:40 of 3rd period - Andrew Miller wins face-off versus Nail Yakupov in Devils zone.
9:51 of 3rd period - Wrist shot by Zach Boychuk.
9:51 of 3rd period - Shot Blocked by Luke Witkowski.
9:53 of 3rd period - Slapshot by Brad Hunt.
9:53 of 3rd period - Stopped by Keith Kinkaid with a rebound.
9:55 of 3rd period - Snap shot by Brad Hunt.
9:55 of 3rd period - Shot Misses the Net.
9:57 of 3rd period - Snap shot by Andrew Miller.
9:57 of 3rd period - Shot Misses the Net.
9:59 of 3rd period - Wrist shot by Brad Hunt.
9:59 of 3rd period - Stopped by Keith Kinkaid with a rebound.
10:01 of 3rd period - Wrist shot by Zach Boychuk.
10:01 of 3rd period - Shot Blocked by Luke Witkowski.
10:36 of 3rd period - Icing by Luke Witkowski.
10:37 of 3rd period - Paul Stastny wins face-off versus Curtis McKenzie in Penguins zone.
11:19 of 3rd period - Icing by Nail Yakupov.
11:20 of 3rd period - Matt Cullen wins face-off versus Nail Yakupov in Penguins zone.
11:47 of 3rd period - Snap shot by Matt Cullen.
11:47 of 3rd period - Stopped by Keith Kinkaid with a rebound.
12:05 of 3rd period - Snap shot by Zach Boychuk.
12:05 of 3rd period - Shot Misses the Net.
13:25 of 3rd period - Slapshot by Xavier Ouellet.
13:25 of 3rd period - Deflect By Tyler Johnson.
13:25 of 3rd period - Stopped by Devan Dubnyk with a rebound.
13:27 of 3rd period - Wrist shot by Ben Eager.
13:27 of 3rd period - Shot Misses the Net.
13:29 of 3rd period - Slapshot by Ben Eager.
13:29 of 3rd period - Shot Misses the Net.
14:05 of 3rd period - Brad Hunt is hit by Reilly Smith and loses puck.
14:27 of 3rd period - Minor Penalty to Ben Eager for Tripping.
14:28 of 3rd period - Matt Cullen wins face-off versus Steve MacIntyre in Penguins zone.
15:07 of 3rd period - Drew Bagnall is hit by Tyler Johnson and loses puck.
15:22 of 3rd period - Snap shot by Stu Bickel.
15:22 of 3rd period - Shot Misses the Net.
15:24 of 3rd period - Slapshot by Luke Witkowski.
15:24 of 3rd period - Shot Misses the Net.
15:26 of 3rd period - Slapshot by Marcus Foligno.
15:26 of 3rd period - Shot Misses the Net.
15:28 of 3rd period - Snap shot by Jeff Schultz.
15:28 of 3rd period - Stopped by Devan Dubnyk without a rebound.
15:29 of 3rd period - Scottie Upshall wins face-off versus Stu Bickel in Devils zone.
15:54 of 3rd period - Snap shot by Paul Stastny.
15:54 of 3rd period - Shot Misses the Net.
16:10 of 3rd period - Snap shot by Matt Cullen.
16:10 of 3rd period - Stopped by Keith Kinkaid without a rebound.
16:11 of 3rd period - Marcus Foligno wins face-off versus Matt Cullen in Penguins zone.
16:27 of 3rd period - Penalty to Ben Eager is over, Ben Eager is back on ice.
16:32 of 3rd period - Snap shot by Marcus Foligno.
16:32 of 3rd period - Shot Blocked by Tyler Johnson.
16:34 of 3rd period - Slapshot by Drew Bagnall.
16:34 of 3rd period - Stopped by Devan Dubnyk with a rebound.
16:36 of 3rd period - Wrist shot by Ben Eager.
16:36 of 3rd period - Shot Misses the Net.
16:38 of 3rd period - Snap shot by Marcus Foligno.
16:38 of 3rd period - Stopped by Devan Dubnyk with a rebound.
16:56 of 3rd period - Zach Boychuk is hit by Drew Bagnall and loses puck.
17:24 of 3rd period - Minor Penalty to Steve MacIntyre for Cross-checking.
17:25 of 3rd period - Marcus Foligno wins face-off versus Paul Stastny in Penguins zone.
17:45 of 3rd period - Stu Bickel is hit by Drew Stafford and loses puck.
18:19 of 3rd period - Marcus Foligno is hit by Scottie Upshall and loses puck.
18:26 of 3rd period - Slapshot by Ales Hemsky.
18:26 of 3rd period - Shot Blocked by Luke Witkowski.
18:28 of 3rd period - Wrist shot by Scottie Upshall.
18:28 of 3rd period - Shot Misses the Net.
18:44 of 3rd period - Slapshot by Paul Stastny.
18:44 of 3rd period - Stopped by Keith Kinkaid with a rebound.
18:46 of 3rd period - Snap shot by Drew Stafford.
18:46 of 3rd period - Shot Misses the Net.
18:48 of 3rd period - Wrist shot by Paul Stastny.
18:48 of 3rd period - Shot Blocked by Luke Witkowski.
18:50 of 3rd period - Snap shot by Drew Stafford.
18:50 of 3rd period - Shot Misses the Net.
18:52 of 3rd period - Wrist shot by Drew Stafford.
18:52 of 3rd period - Shot Misses the Net.
18:54 of 3rd period - Snap shot by Paul Stastny.
18:54 of 3rd period - Deflect By Drew Stafford.
18:54 of 3rd period - Shot Blocked by Jeff Schultz.
18:54 of 3rd period - Puck is out of play.
18:55 of 3rd period - Ben Eager wins face-off versus Paul Stastny in Penguins zone.
19:08 of 3rd period - Slapshot by Xavier Ouellet.
19:08 of 3rd period - Shot Blocked by Chris Wideman.
19:14 of 3rd period - Xavier Ouellet is hit by Drew Stafford and loses puck.
19:24 of 3rd period - Penalty to Steve MacIntyre is over, Steve MacIntyre is back on ice.
19:35 of 3rd period - Slapshot by Ales Hemsky.
19:35 of 3rd period - Shot Blocked by Drew Bagnall.
19:37 of 3rd period - Backhand shot by Jason Akeson.
19:37 of 3rd period - Goal by Jason Akeson - Penguins : 1 - Devils : 13.
19:38 of 3rd period - Zach Boychuk wins face-off versus Stu Bickel in neutral zone.
19:41 of 3rd period - Mark Fraser is hit by Andrew Miller.
19:47 of 3rd period - Slapshot by Mark Fraser.
19:47 of 3rd period - Shot Blocked by Jason Akeson.
19:49 of 3rd period - Slapshot by Mark Fraser.
19:49 of 3rd period - Shot Blocked by Matt Greene.
19:55 of 3rd period - Slapshot by Mark Fraser.
19:55 of 3rd period - Stopped by Devan Dubnyk without a rebound.
19:56 of 3rd period - Jason Akeson wins face-off versus Steve MacIntyre in Devils zone.
Goals for this period are 0 for Penguins vs 2 for Devils.
Shots for this period are 6 for Penguins vs 11 for Devils.